 Dungeon Sprint DCSS version 0.30-a0-989-g0d87f670db (webtiles) character file.

Game seed: 9420901778656837202

6600000 ytrimaz the Ninja (level 27, -5/249 HPs)
             Began as a Demonspawn Monk on Apr 3, 2023.
             Was the Champion of Makhleb.
             Slain by The Servant
             ... wielding a +9 glaive of flaming
              (26 damage)
             ... in the Dungeon (Sprint VIII: "Arena of Blood").
             The game lasted 00:02:15 (66 turns).

ytrimaz the Ninja (Demonspawn Monk)                   Turns: 66, Time: 00:02:15

Health: -5/249     AC:  8    Str: 14    XL:     27
Magic:  0/54       EV: 45    Int: 12    God:    Makhleb [******]
Gold:   0          SH:  0    Dex: 27    Spells: 80/80 levels left

rFire   . . .      SeeInvis .    j - +∞ Axe of Woe
rCold   . . .      Faith    .    (shield currently unavailable)
rNeg    . . .      Spirit   +    b - +0 robe
rPois   +          Reflect  .    (no helmet)
rElec   .          Rampage  .    (no cloak)
rCorr   .          NoTele   +    (gloves unavailable)
Will    +++..                    (no boots)
Stlth   ++++++++++               (no amulet)
HPRegen 0.61/turn                (no ring)
MPRegen 0.68/turn                (no ring)

@: mighty, agile, slowed, very slow
A: claws 3, slimy green scales 3, hurl damnation, powered by pain 3, torment
resistance 1, magic shield, magic regeneration, magic link, demonic willpower
a: Hurl Damnation, Renounce Religion, Minor Destruction, Lesser Servant of
Makhleb, Major Destruction, Greater Servant of Makhleb


You were in the Dungeon.
You worshipped Makhleb.
Makhleb was exalted by your worship.
You visited 1 branch


Innate Abilities, Weirdness & Mutations

You have claws for hands.
You are completely covered in slimy green scales. (AC +4, rPois)
You can hurl damnation.
You are powered by pain.
You are resistant to unholy torment.
When hurt, damage is shared between your health and your magic reserves.
You regenerate magic rapidly.
When low on magic, you restore magic in place of health.
You punish those that try to bend your will. (Will+)


   Skills:
 O Level 27 Fighting
 + Level 22.7(26.3) Short Blades
 + Level 22.7(26.3) Long Blades
 O Level 27 Axes
 O Level 27 Maces & Flails
 O Level 27 Polearms
 + Level 22.8(27) Staves
 + Level 22.7 Ranged Weapons
 + Level 22.7 Throwing
 O Level 27 Armour
 O Level 27 Dodging
 O Level 27 Stealth
 + Level 22.8 Shields
 O Level 27 Unarmed Combat
 O Level 27 Spellcasting
 + Level 24.5 Conjurations
 + Level 24.5 Hexes
 + Level 24.4 Summonings
 + Level 26.3 Necromancy
 + Level 22.8 Translocations
 + Level 22.9 Transmutations
 + Level 22.9 Fire Magic
 + Level 22.7 Ice Magic
 + Level 22.6 Air Magic
 + Level 22.7 Earth Magic
 + Level 24.6 Poison Magic
 O Level 27 Invocations
 + Level 24.5 Evocations


You had 80 spell levels left.
You didn't know any spells.
Your spell library was empty.

Inventory:

Hand Weapons
 a - a +0 hand axe
 j - the +∞ Axe of Woe (weapon)
   (You found it in the Dungeon)
Armour
 b - a +0 robe (worn)
Scrolls
 i - a scroll of blinking
Potions
 c - a potion of ambrosia
 d - a potion of curing
 e - a potion of heal wounds
 f - a potion of haste
 g - 2 potions of magic
 h - a potion of berserk rage

Dungeon Overview and Level Annotations

Branches:
Dungeon (1/1) Zot: 27000

Altars:
Makhleb

Annotations:
D The Servant

....... .......
.......#.#......
...o...........#
...ooW..........
.o.ooo....O.....
o.oz...o.......
oooo.oO.O@.....
#.oo)@).# .
#.o.)2§)# ...
.###....M§)###....
.....2###))§......
...L...°))))......
...O#...))#)......
....#_.<._#.......
oM #....O#......#
....._..........


You could see 2 accurseds, 2 meat beasts, a tyrant, The Servant, a sculptor of
flesh, a dread (wandering), 5 meat berserkers and 19 bags of meat.


Message History

Your experience leads to an increase in your attributes!
Increase (S)trength, (I)ntelligence, or (D)exterity?
You feel agile. x2; Your demonic ancestry asserts itself...
You smell a hint of brimstone. 😕 HP[+44]
You now have 249 max hp (+7).
You regained 44 hp, and now have 229/249 hp.
Unknown command.
Unknown command.
The meat beast's many legs skitter.
You slice the meat berserker!!
You chop the meat berserker into pieces.
You kill the meat berserker!
Makhleb accepts your kill.
You feel better.
You hit the tyrant. You chop the tyrant into pieces.
You destroy the tyrant!
Makhleb accepts your kill.
The tentacled monstrosity disappears in a puff of smoke!
You slice the meat beast!!
You cleave the meat beast in twain.
You kill the meat beast!
Makhleb accepts your kill.
You hear a shout! x2
An accursed comes into view.
The meat berserker rages.
The meat beast is engulfed in blazing flames.
You hear a shout! x2
The Servant hits you from afar with a +9 glaive of flaming!!!!
You focus on the pain.
You feel your power returning. The Servant burns you!
You hear a shout!
The accursed is engulfed in blazing flames.
You hear a shout!
The meat beast completely misses you. The meat beast tramples you.
You hold your ground!
The meat beast bites you! The meat beast tramples you!
You hold your ground!
You hear a shout!
A bag of meat comes into view. It is wielding a +9 war axe.
You hear a shout!
A bag of meat comes into view. It is wielding a +9 war axe.
The meat beast shouts, "Thy inner light shall be my meal!"
The bag of meat shouts!
Your base Short Blades skill increases to level 22!
Your base Long Blades skill increases to level 22!
Your base Staves skill increases to level 22!
Your Ranged Weapons skill increases to level 22!
Your Throwing skill increases to level 22!
Your Shields skill increases to level 22!
Your Conjurations skill increases to level 24!
Your Hexes skill increases to level 24!
Your Summonings skill increases to level 24!
Your Necromancy skill increases to level 26!
Your Translocations skill increases to level 22!
Your Transmutations skill increases to level 22!
Your Fire Magic skill increases to level 22!
Your Ice Magic skill increases to level 22!
Your Air Magic skill increases to level 22!
Your Earth Magic skill increases to level 22!
Your Poison Magic skill increases to level 24!
Your Evocations skill increases to level 24!
Unknown command. 😮 HP[-80] MP[+7]
You take 80 damage, and now have 149/249 hp.
MASSIVE DAMAGE!! (PAUSE)
You regained 7 mp, and now have 23/54 mp.
Unknown command.
You hit the bag of meat.
You fatally mangle the bag of meat.
You kill the bag of meat!
Makhleb accepts your kill.
You slice the accursed!!
You hew the accursed savagely.
You destroy the accursed!
Makhleb accepts your kill.
You feel better.
You slash the meat beast!
You dissect the meat beast like a pig carcass.
You kill the meat beast!
Makhleb accepts your kill.
You slice the meat beast!!
You butcher the meat beast messily.
You kill the meat beast!
Makhleb accepts your kill.
You feel extremely nervous for a moment...
Your body is wracked with pain!
You focus on the pain.
You feel mightier all of a sudden.
The dread appears out of thin air!
A dread comes into view.
You hear a shout!
The meat beast is engulfed in blazing flames.
The meat berserker rages.
You hear a shout!
The meat beast completely misses you.
The meat beast tramples you but does no damage.
You hear a shout!
A meat berserker comes into view. It is wielding a +9 battleaxe.
You hear a shout!
The accursed points at you and mumbles some strange words.
Something smites you!
The Servant hits you from afar with a +9 glaive of flaming!!!!
* * * LOW HITPOINT WARNING * * *
You focus on the pain.
You feel more agile all of a sudden. The Servant burns you!!
You die...

Skill      XL: |  1  2  3  4  5  6  7  8  9 10 11 12 13 14 15 16 17 18 19 20 21 22 23 24 25 26 27 |
---------------+----------------------------------------------------------------------------------+-----
Fighting       | 13 15 17 20 22 24 27 | 27.0
Axes           | 12 14 16 19 20 22 27 | 27.0
Dodging        | 12 14 16 19 20 22 27 | 27.0
Stealth        | 13 15 17 20 22 24 27 | 27.0
Armour         | 6 17 27 | 27.0
Invocations    | 8 23 27 | 27.0
Maces & Flails | 8 16 23 27 | 27.0
Polearms       | 8 16 23 27 | 27.0
Unarmed Combat | 8 16 23 27 | 27.0
Spellcasting   | 8 16 23 27 | 27.0
Short Blades   | 3 9 12 16 18 21 22 | 22.7
Long Blades    | 3 9 12 16 18 21 22 | 22.7
Staves         | 3 9 13 16 18 21 22 | 22.8
Ranged Weapons | 3 9 12 16 18 21 22 | 22.7
Throwing       | 3 9 12 16 18 21 22 | 22.7
Shields        | 3 9 12 16 18 21 22 | 22.8
Conjurations   | 3 10 14 18 20 23 24 | 24.5
Hexes          | 3 9 13 17 19 23 24 | 24.5
Summonings     | 3 9 13 17 19 23 24 | 24.4
Necromancy     | 3 10 15 19 21 25 26 | 26.3
Translocations | 3 9 13 16 18 21 22 | 22.8
Transmutations | 3 9 13 16 18 21 22 | 22.9
Fire Magic     | 3 9 13 16 18 21 22 | 22.9
Ice Magic      | 3 9 13 16 18 21 22 | 22.7
Air Magic      | 3 9 12 16 18 21 22 | 22.6
Earth Magic    | 3 9 12 16 18 21 22 | 22.7
Poison Magic   | 3 10 14 18 19 23 24 | 24.6
Evocations     | 3 9 14 17 19 23 24 | 24.5

Action                     |  1- 3 |  4- 6 |  7- 9 | 10-12 | 13-15 | 16-18 | 19-21 | 22-24 | 25-27 || total
---------------------------+-------+-------+-------+-------+-------+-------+-------+-------+-------++-------
  Melee: Executioner's axe |     1 |       |       |     2 |     5 |     8 |     9 |    14 |     7 ||    46
   Stab: Held in net/web   |       |       |       |       |       |       |       |       |     1 ||     1
 Armour: Robe              |       |       |       |       |       |       |       |       |     2 ||     2
  Dodge: Dodged            |       |       |       |       |       |     1 |       |     1 |     7 ||     9

Levels and vault maps discovered:
D:        meatsprint

Notes
Turn   | Place    | Note
-------+----------+-------------------------------------------
     0 | D        | Found the +∞ Axe of Woe
     0 | D        | ytrimaz the Demonspawn Monk began the quest for the Orb.
     0 | D        | Reached XP level 1. HP: 18/18 MP: 1/1
     0 | D        | magus.rc [v1.9.6]
     3 | D        | Became a worshipper of Makhleb the Destroyer
     3 | D        | Reached * piety under Makhleb
     3 | D        | Reached ** piety under Makhleb
     5 | D        | Noticed a bag of meat
     5 | D        | Noticed a bag of meat
     9 | D        | Killed a bag of meat
    10 | D        | Reached skill level 13 in Fighting
    10 | D        | Reached skill level 12 in Axes
    10 | D        | Reached skill level 12 in Dodging
    10 | D        | Reached skill level 13 in Stealth
    10 | D        | Gained mutation: You regenerate magic rapidly. [demonic
                  | ancestry]
    10 | D        | Reached XP level 2. HP: 40/40 MP: 2/2
    10 | D        | Reached XP level 3. HP: 46/46 MP: 3/3
    10 | D        | Reached XP level 4. HP: 53/53 MP: 4/4
    10 | D        | Gained mutation: You sometimes gain a little power by
                  | taking damage. [demonic ancestry]
    10 | D        | Reached XP level 5. HP: 59/59 MP: 5/5
    10 | D        | Reached XP level 6. HP: 66/66 MP: 6/6
    10 | D        | Reached XP level 7. HP: 72/72 MP: 7/7
    10 | D        | Reached XP level 8. HP: 79/79 MP: 8/8
    10 | D        | Reached XP level 9. HP: 85/85 MP: 9/9
    10 | D        | Gained mutation: You are partially covered in slimy green
                  | scales. (AC +2) [demonic ancestry]
    10 | D        | Reached XP level 10. HP: 92/92 MP: 10/10
    10 | D        | Noticed a meat berserker
    11 | D        | Killed a bag of meat
    11 | D        | Noticed a meat berserker
    12 | D        | Reached skill level 15 in Fighting
    12 | D        | Reached skill level 14 in Axes
    12 | D        | Reached skill level 14 in Dodging
    12 | D        | Reached skill level 15 in Stealth
    12 | D        | Gained mutation: When hurt, damage is shared between your
                  | health and your magic reserves. [demonic ancestry]
    12 | D        | Reached XP level 11. HP: 103/103 MP: 11/11
    14 | D        | Killed a meat berserker
    14 | D        | Reached *** piety under Makhleb
    14 | D        | Noticed a bag of meat
    14 | D        | Noticed a bag of meat
    15 | D        | Reached skill level 17 in Fighting
    15 | D        | Reached skill level 16 in Axes
    15 | D        | Reached skill level 16 in Dodging
    15 | D        | Reached skill level 17 in Stealth
    15 | D        | Reached XP level 12. HP: 116/116 MP: 12/12
    15 | D        | Reached XP level 13. HP: 122/122 MP: 13/13
    15 | D        | Noticed a bag of meat
    16 | D        | Killed a meat berserker
    17 | D        | Reached skill level 19 in Fighting
    17 | D        | Reached skill level 17 in Axes
    17 | D        | Reached skill level 17 in Dodging
    17 | D        | Reached skill level 19 in Stealth
    17 | D        | Noticed a bag of meat
    17 | D        | Noticed a bag of meat
    17 | D        | Noticed a bag of meat
    17 | D        | Noticed a bag of meat
    17 | D        | Noticed a meat berserker
    17 | D        | Noticed a bag of meat
    17 | D        | Noticed a bag of meat
    18 | D        | Noticed a bag of meat
    18 | D        | Noticed a meat berserker
    18 | D        | Noticed a meat berserker
    18 | D        | Noticed a bag of meat
    18 | D        | Noticed a bag of meat
    19 | D        | Killed a bag of meat
    19 | D        | Killed a bag of meat
    19 | D        | Noticed a meat berserker
    19 | D        | Noticed a bag of meat
    19 | D        | Noticed a large bag of meat
    20 | D        | Reached skill level 20 in Fighting
    20 | D        | Reached skill level 19 in Axes
    20 | D        | Reached skill level 19 in Dodging
    20 | D        | Reached skill level 20 in Stealth
    20 | D        | Reached XP level 14. HP: 136/136 MP: 14/14
    20 | D        | Noticed a meat berserker
    20 | D        | Killed a bag of meat
    20 | D        | Reached **** piety under Makhleb
    20 | D        | Noticed a meat berserker
    21 | D        | Reached skill level 21 in Fighting
    21 | D        | Reached skill level 21 in Stealth
    21 | D        | Killed a meat berserker
    21 | D        | Noticed a bag of meat
    22 | D        | Reached skill level 22 in Fighting
    22 | D        | Reached skill level 20 in Axes
    22 | D        | Reached skill level 20 in Dodging
    22 | D        | Reached skill level 22 in Stealth
    22 | D        | Gained mutation: When low on magic, you restore magic in
                  | place of health. [demonic ancestry]
    22 | D        | Reached XP level 15. HP: 147/147 MP: 12/15
    22 | D        | Noticed a large bag of meat
    22 | D        | Killed a meat berserker
    22 | D        | Killed a meat berserker
    22 | D        | Reached ***** piety under Makhleb
    22 | D        | Noticed a meat berserker
    23 | D        | Reached skill level 24 in Fighting
    23 | D        | Reached skill level 22 in Axes
    23 | D        | Reached skill level 22 in Dodging
    23 | D        | Reached skill level 24 in Stealth
    23 | D        | Gained mutation: You have sharp fingernails. [demonic
                  | ancestry]
    23 | D        | Reached XP level 16. HP: 161/161 MP: 12/16
    23 | D        | Noticed a meat berserker
    24 | D        | Noticed a destroyer
    24 | D        | Killed a meat berserker
    24 | D        | Killed a large bag of meat
    25 | D        | Reached skill level 26 in Fighting
    25 | D        | Reached skill level 24 in Axes
    25 | D        | Reached skill level 24 in Dodging
    25 | D        | Reached skill level 26 in Stealth
    25 | D        | Noticed a meat berserker
    26 | D        | Killed a meat berserker
    27 | D        | Reached skill level 27 in Fighting
    27 | D        | Reached skill level 27 in Axes
    27 | D        | Reached skill level 27 in Dodging
    27 | D        | Reached skill level 27 in Stealth
    27 | D        | Reached skill level 6 in Armour
    27 | D        | Reached skill level 8 in Invocations
    27 | D        | Gained mutation: You sometimes gain power by taking damage.
                  | [demonic ancestry]
    27 | D        | Reached XP level 17. HP: 174/174 MP: 16/23
    27 | D        | Killed a destroyer
    27 | D        | Reached ****** piety under Makhleb
    27 | D        | Noticed a meat berserker
    28 | D        | Reached skill level 13 in Armour
    28 | D        | Reached skill level 17 in Invocations
    28 | D        | Killed a meat berserker
    28 | D        | Noticed a meat berserker
    28 | D        | Noticed a large bag of meat
    29 | D        | Reached skill level 17 in Armour
    29 | D        | Reached skill level 23 in Invocations
    29 | D        | Gained mutation: You have very sharp fingernails. [demonic
                  | ancestry]
    29 | D        | Reached XP level 18. HP: 182/182 MP: 18/33
    29 | D        | Killed a meat berserker
    29 | D        | Noticed a meat berserker
    30 | D        | Reached skill level 19 in Armour
    30 | D        | Reached skill level 26 in Invocations
    30 | D        | Noticed a meat berserker
    30 | D        | Killed a meat berserker
    31 | D        | Reached skill level 25 in Armour
    31 | D        | Reached skill level 27 in Invocations
    32 | D        | Reached skill level 27 in Armour
    32 | D        | Reached skill level 2 in Maces & Flails
    32 | D        | Reached skill level 2 in Polearms
    32 | D        | Reached skill level 2 in Unarmed Combat
    32 | D        | Reached skill level 2 in Spellcasting
    32 | D        | Killed a meat berserker
    33 | D        | Reached skill level 8 in Maces & Flails
    33 | D        | Reached skill level 8 in Polearms
    33 | D        | Reached skill level 8 in Unarmed Combat
    33 | D        | Reached skill level 8 in Spellcasting
    33 | D        | Gained mutation: You have claws for hands. [demonic
                  | ancestry]
    33 | D        | Reached XP level 19. HP: 189/189 MP: 19/36
    33 | D        | Noticed a destroyer
    33 | D        | Noticed a destroyer
    34 | D        | Reached skill level 10 in Maces & Flails
    34 | D        | Reached skill level 10 in Polearms
    34 | D        | Reached skill level 10 in Unarmed Combat
    34 | D        | Reached skill level 10 in Spellcasting
    34 | D        | Noticed a destroyer
    34 | D        | Killed a meat berserker
    34 | D        | Killed a destroyer
    34 | D        | Noticed a meat berserker
    35 | D        | Reached skill level 15 in Maces & Flails
    35 | D        | Reached skill level 15 in Polearms
    35 | D        | Reached skill level 15 in Unarmed Combat
    35 | D        | Reached skill level 15 in Spellcasting
    35 | D        | Killed a meat berserker
    36 | D        | Reached skill level 16 in Maces & Flails
    36 | D        | Reached skill level 16 in Polearms
    36 | D        | Reached skill level 16 in Unarmed Combat
    36 | D        | Reached skill level 16 in Spellcasting
    36 | D        | Gained mutation: You punish those that try to bend your
                  | will. (Will+) [demonic ancestry]
    36 | D        | Reached XP level 20. HP: 197/197 MP: 20/40
    36 | D        | Killed a meat berserker
    36 | D        | Noticed a meat berserker
    37 | D        | Reached skill level 17 in Maces & Flails
    37 | D        | Reached skill level 17 in Polearms
    37 | D        | Reached skill level 17 in Unarmed Combat
    37 | D        | Reached skill level 17 in Spellcasting
    37 | D        | Killed a destroyer
    37 | D        | Killed a large bag of meat
    38 | D        | Reached skill level 20 in Maces & Flails
    38 | D        | Reached skill level 20 in Polearms
    38 | D        | Reached skill level 20 in Unarmed Combat
    38 | D        | Reached skill level 20 in Spellcasting
    38 | D        | Noticed a meat berserker
    38 | D        | Noticed a destroyer
    38 | D        | Noticed a large bag of meat
    38 | D        | Noticed a destroyer
    39 | D        | Killed a meat berserker
    39 | D        | Killed a large bag of meat
    39 | D        | Noticed a meat berserker
    39 | D        | Noticed a meat berserker
    40 | D        | Reached skill level 23 in Maces & Flails
    40 | D        | Reached skill level 23 in Polearms
    40 | D        | Reached skill level 23 in Unarmed Combat
    40 | D        | Reached skill level 23 in Spellcasting
    40 | D        | Reached XP level 21. HP: 198/204 MP: 15/48
    41 | D        | Killed a destroyer
    42 | D        | Reached skill level 25 in Maces & Flails
    42 | D        | Reached skill level 25 in Polearms
    42 | D        | Reached skill level 25 in Unarmed Combat
    42 | D        | Reached skill level 25 in Spellcasting
    42 | D        | Killed a destroyer
    42 | D        | Killed a destroyer
    43 | D        | Reached skill level 27 in Maces & Flails
    43 | D        | Reached skill level 27 in Polearms
    43 | D        | Reached skill level 27 in Unarmed Combat
    43 | D        | Reached skill level 27 in Spellcasting
    43 | D        | Reached skill level 3 in Short Blades
    43 | D        | Reached skill level 3 in Long Blades
    43 | D        | Reached skill level 3 in Staves
    43 | D        | Reached skill level 3 in Ranged Weapons
    43 | D        | Reached skill level 3 in Throwing
    43 | D        | Reached skill level 3 in Shields
    43 | D        | Reached skill level 3 in Conjurations
    43 | D        | Reached skill level 3 in Hexes
    43 | D        | Reached skill level 3 in Summonings
    43 | D        | Reached skill level 3 in Necromancy
    43 | D        | Reached skill level 3 in Translocations
    43 | D        | Reached skill level 3 in Transmutations
    43 | D        | Reached skill level 3 in Fire Magic
    43 | D        | Reached skill level 3 in Ice Magic
    43 | D        | Reached skill level 3 in Air Magic
    43 | D        | Reached skill level 3 in Earth Magic
    43 | D        | Reached skill level 3 in Poison Magic
    43 | D        | Reached skill level 3 in Evocations
    43 | D        | Reached XP level 22. HP: 212/212 MP: 16/53
    44 | D        | Reached skill level 5 in Short Blades
    44 | D        | Reached skill level 5 in Long Blades
    44 | D        | Reached skill level 5 in Staves
    44 | D        | Reached skill level 5 in Ranged Weapons
    44 | D        | Reached skill level 5 in Throwing
    44 | D        | Reached skill level 5 in Shields
    44 | D        | Reached skill level 5 in Conjurations
    44 | D        | Reached skill level 5 in Hexes
    44 | D        | Reached skill level 5 in Summonings
    44 | D        | Reached skill level 6 in Necromancy
    44 | D        | Reached skill level 5 in Translocations
    44 | D        | Reached skill level 5 in Transmutations
    44 | D        | Reached skill level 5 in Fire Magic
    44 | D        | Reached skill level 5 in Ice Magic
    44 | D        | Reached skill level 5 in Air Magic
    44 | D        | Reached skill level 5 in Earth Magic
    44 | D        | Reached skill level 5 in Poison Magic
    44 | D        | Reached skill level 5 in Evocations
    44 | D        | Noticed a destroyer
    45 | D        | Reached skill level 6 in Short Blades
    45 | D        | Reached skill level 6 in Long Blades
    45 | D        | Reached skill level 6 in Staves
    45 | D        | Reached skill level 6 in Ranged Weapons
    45 | D        | Reached skill level 6 in Throwing
    45 | D        | Reached skill level 6 in Shields
    45 | D        | Reached skill level 7 in Conjurations
    45 | D        | Reached skill level 7 in Hexes
    45 | D        | Reached skill level 7 in Summonings
    45 | D        | Reached skill level 7 in Necromancy
    45 | D        | Reached skill level 6 in Translocations
    45 | D        | Reached skill level 6 in Transmutations
    45 | D        | Reached skill level 6 in Fire Magic
    45 | D        | Reached skill level 6 in Ice Magic
    45 | D        | Reached skill level 6 in Air Magic
    45 | D        | Reached skill level 6 in Earth Magic
    45 | D        | Reached skill level 7 in Poison Magic
    45 | D        | Reached skill level 7 in Evocations
    46 | D        | Reached skill level 7 in Short Blades
    46 | D        | Reached skill level 7 in Long Blades
    46 | D        | Reached skill level 7 in Staves
    46 | D        | Reached skill level 7 in Ranged Weapons
    46 | D        | Reached skill level 7 in Throwing
    46 | D        | Reached skill level 7 in Shields
    46 | D        | Reached skill level 8 in Conjurations
    46 | D        | Reached skill level 8 in Hexes
    46 | D        | Reached skill level 8 in Summonings
    46 | D        | Reached skill level 9 in Necromancy
    46 | D        | Reached skill level 7 in Translocations
    46 | D        | Reached skill level 7 in Transmutations
    46 | D        | Reached skill level 7 in Fire Magic
    46 | D        | Reached skill level 7 in Ice Magic
    46 | D        | Reached skill level 7 in Air Magic
    46 | D        | Reached skill level 7 in Earth Magic
    46 | D        | Reached skill level 8 in Poison Magic
    46 | D        | Reached skill level 8 in Evocations
    47 | D        | Reached skill level 9 in Short Blades
    47 | D        | Reached skill level 9 in Long Blades
    47 | D        | Reached skill level 9 in Staves
    47 | D        | Reached skill level 9 in Ranged Weapons
    47 | D        | Reached skill level 9 in Throwing
    47 | D        | Reached skill level 9 in Shields
    47 | D        | Reached skill level 10 in Conjurations
    47 | D        | Reached skill level 9 in Hexes
    47 | D        | Reached skill level 9 in Summonings
    47 | D        | Reached skill level 10 in Necromancy
    47 | D        | Reached skill level 9 in Translocations
    47 | D        | Reached skill level 9 in Transmutations
    47 | D        | Reached skill level 9 in Fire Magic
    47 | D        | Reached skill level 9 in Ice Magic
    47 | D        | Reached skill level 9 in Air Magic
    47 | D        | Reached skill level 9 in Earth Magic
    47 | D        | Reached skill level 10 in Poison Magic
    47 | D        | Reached skill level 9 in Evocations
    47 | D        | Gained mutation: You are mostly covered in slimy green
                  | scales. (AC +3) [demonic ancestry]
    47 | D        | Reached XP level 23. HP: 118/219 MP: 22/54
    47 | D        | Noticed a tyrant
    47 | D        | Killed a large bag of meat
    47 | D        | Noticed an accursed
    47 | D        | Noticed a destroyer
    47 | D        | Noticed a large bag of meat
    48 | D        | Reached skill level 10 in Staves
    48 | D        | Reached skill level 10 in Hexes
    48 | D        | Reached skill level 10 in Summonings
    48 | D        | Reached skill level 11 in Necromancy
    48 | D        | Reached skill level 10 in Evocations
    48 | D        | Noticed a destroyer
    49 | D        | Reached skill level 10 in Short Blades
    49 | D        | Reached skill level 10 in Long Blades
    49 | D        | Reached skill level 10 in Ranged Weapons
    49 | D        | Reached skill level 10 in Throwing
    49 | D        | Reached skill level 10 in Shields
    49 | D        | Reached skill level 11 in Conjurations
    49 | D        | Reached skill level 11 in Hexes
    49 | D        | Reached skill level 11 in Summonings
    49 | D        | Reached skill level 12 in Necromancy
    49 | D        | Reached skill level 10 in Translocations
    49 | D        | Reached skill level 10 in Transmutations
    49 | D        | Reached skill level 10 in Fire Magic
    49 | D        | Reached skill level 10 in Ice Magic
    49 | D        | Reached skill level 10 in Air Magic
    49 | D        | Reached skill level 10 in Earth Magic
    49 | D        | Reached skill level 11 in Poison Magic
    49 | D        | Reached skill level 11 in Evocations
    50 | D        | Noticed an accursed
    51 | D        | Reached skill level 11 in Short Blades
    51 | D        | Reached skill level 11 in Long Blades
    51 | D        | Reached skill level 11 in Staves
    51 | D        | Reached skill level 11 in Ranged Weapons
    51 | D        | Reached skill level 11 in Throwing
    51 | D        | Reached skill level 11 in Shields
    51 | D        | Reached skill level 12 in Conjurations
    51 | D        | Reached skill level 12 in Hexes
    51 | D        | Reached skill level 12 in Summonings
    51 | D        | Reached skill level 13 in Necromancy
    51 | D        | Reached skill level 11 in Translocations
    51 | D        | Reached skill level 11 in Transmutations
    51 | D        | Reached skill level 11 in Fire Magic
    51 | D        | Reached skill level 11 in Ice Magic
    51 | D        | Reached skill level 11 in Air Magic
    51 | D        | Reached skill level 11 in Earth Magic
    51 | D        | Reached skill level 12 in Poison Magic
    51 | D        | Reached skill level 12 in Evocations
    51 | D        | Killed a destroyer
    52 | D        | Reached skill level 12 in Short Blades
    52 | D        | Reached skill level 12 in Long Blades
    52 | D        | Reached skill level 12 in Staves
    52 | D        | Reached skill level 12 in Ranged Weapons
    52 | D        | Reached skill level 12 in Throwing
    52 | D        | Reached skill level 12 in Shields
    52 | D        | Reached skill level 13 in Conjurations
    52 | D        | Reached skill level 13 in Hexes
    52 | D        | Reached skill level 13 in Summonings
    52 | D        | Reached skill level 14 in Necromancy
    52 | D        | Reached skill level 12 in Translocations
    52 | D        | Reached skill level 12 in Transmutations
    52 | D        | Reached skill level 12 in Fire Magic
    52 | D        | Reached skill level 12 in Ice Magic
    52 | D        | Reached skill level 12 in Air Magic
    52 | D        | Reached skill level 12 in Earth Magic
    52 | D        | Reached skill level 13 in Poison Magic
    52 | D        | Reached skill level 13 in Evocations
    53 | D        | Reached skill level 13 in Staves
    53 | D        | Reached skill level 14 in Conjurations
    53 | D        | Reached skill level 15 in Necromancy
    53 | D        | Reached skill level 13 in Translocations
    53 | D        | Reached skill level 13 in Transmutations
    53 | D        | Reached skill level 13 in Fire Magic
    53 | D        | Reached skill level 13 in Ice Magic
    53 | D        | Reached skill level 14 in Poison Magic
    53 | D        | Reached skill level 14 in Evocations
    53 | D        | Gained mutation: You are resistant to unholy torment.
                  | [demonic ancestry]
    53 | D        | Reached XP level 24. HP: 218/227 MP: 15/54
    53 | D        | Killed a tyrant
    53 | D        | Killed a destroyer
    54 | D        | Reached skill level 13 in Short Blades
    54 | D        | Reached skill level 13 in Long Blades
    54 | D        | Reached skill level 13 in Ranged Weapons
    54 | D        | Reached skill level 13 in Throwing
    54 | D        | Reached skill level 13 in Shields
    54 | D        | Reached skill level 15 in Conjurations
    54 | D        | Reached skill level 14 in Hexes
    54 | D        | Reached skill level 14 in Summonings
    54 | D        | Reached skill level 16 in Necromancy
    54 | D        | Reached skill level 13 in Air Magic
    54 | D        | Reached skill level 13 in Earth Magic
    54 | D        | Reached skill level 15 in Poison Magic
    54 | D        | Noticed a destroyer
    55 | D        | Reached skill level 14 in Short Blades
    55 | D        | Reached skill level 14 in Long Blades
    55 | D        | Reached skill level 14 in Staves
    55 | D        | Reached skill level 14 in Ranged Weapons
    55 | D        | Reached skill level 14 in Throwing
    55 | D        | Reached skill level 14 in Shields
    55 | D        | Reached skill level 15 in Hexes
    55 | D        | Reached skill level 15 in Summonings
    55 | D        | Reached skill level 17 in Necromancy
    55 | D        | Reached skill level 14 in Translocations
    55 | D        | Reached skill level 14 in Transmutations
    55 | D        | Reached skill level 14 in Fire Magic
    55 | D        | Reached skill level 14 in Ice Magic
    55 | D        | Reached skill level 14 in Air Magic
    55 | D        | Reached skill level 14 in Earth Magic
    55 | D        | Reached skill level 15 in Evocations
    55 | D        | Noticed an accursed
    55 | D        | Killed a destroyer
    56 | D        | Reached skill level 15 in Short Blades
    56 | D        | Reached skill level 15 in Long Blades
    56 | D        | Reached skill level 15 in Staves
    56 | D        | Reached skill level 15 in Ranged Weapons
    56 | D        | Reached skill level 15 in Throwing
    56 | D        | Reached skill level 15 in Shields
    56 | D        | Reached skill level 16 in Conjurations
    56 | D        | Reached skill level 16 in Hexes
    56 | D        | Reached skill level 16 in Summonings
    56 | D        | Reached skill level 15 in Translocations
    56 | D        | Reached skill level 15 in Transmutations
    56 | D        | Reached skill level 15 in Fire Magic
    56 | D        | Reached skill level 15 in Ice Magic
    56 | D        | Reached skill level 15 in Air Magic
    56 | D        | Reached skill level 15 in Earth Magic
    56 | D        | Reached skill level 16 in Poison Magic
    56 | D        | Reached skill level 16 in Evocations
    57 | D        | Reached skill level 18 in Necromancy
    57 | D        | Noticed The Servant
    58 | D        | Killed an accursed
    59 | D        | Reached skill level 16 in Short Blades
    59 | D        | Reached skill level 16 in Long Blades
    59 | D        | Reached skill level 16 in Staves
    59 | D        | Reached skill level 16 in Ranged Weapons
    59 | D        | Reached skill level 16 in Throwing
    59 | D        | Reached skill level 16 in Shields
    59 | D        | Reached skill level 18 in Conjurations
    59 | D        | Reached skill level 17 in Hexes
    59 | D        | Reached skill level 17 in Summonings
    59 | D        | Reached skill level 19 in Necromancy
    59 | D        | Reached skill level 16 in Translocations
    59 | D        | Reached skill level 16 in Transmutations
    59 | D        | Reached skill level 16 in Fire Magic
    59 | D        | Reached skill level 16 in Ice Magic
    59 | D        | Reached skill level 16 in Air Magic
    59 | D        | Reached skill level 16 in Earth Magic
    59 | D        | Reached skill level 18 in Poison Magic
    59 | D        | Reached skill level 17 in Evocations
    59 | D        | Gained mutation: You are completely covered in slimy green
                  | scales. (AC +4, rPois) [demonic ancestry]
    59 | D        | Reached XP level 25. HP: 216/234 MP: 28/54
    59 | D        | Noticed The Captor
    59 | D        | Noticed a tyrant
    60 | D        | Reached skill level 17 in Staves
    60 | D        | Reached skill level 18 in Hexes
    60 | D        | Reached skill level 18 in Summonings
    60 | D        | Reached skill level 17 in Transmutations
    60 | D        | Reached skill level 18 in Evocations
    60 | D        | Killed a large bag of meat
    61 | D        | Reached skill level 17 in Short Blades
    61 | D        | Reached skill level 17 in Long Blades
    61 | D        | Reached skill level 17 in Ranged Weapons
    61 | D        | Reached skill level 17 in Throwing
    61 | D        | Reached skill level 17 in Shields
    61 | D        | Reached skill level 19 in Conjurations
    61 | D        | Reached skill level 19 in Hexes
    61 | D        | Reached skill level 19 in Summonings
    61 | D        | Reached skill level 20 in Necromancy
    61 | D        | Reached skill level 17 in Translocations
    61 | D        | Reached skill level 17 in Fire Magic
    61 | D        | Reached skill level 17 in Ice Magic
    61 | D        | Reached skill level 17 in Air Magic
    61 | D        | Reached skill level 17 in Earth Magic
    61 | D        | Reached skill level 19 in Poison Magic
    61 | D        | Reached skill level 19 in Evocations
    62 | D        | Reached skill level 18 in Short Blades
    62 | D        | Reached skill level 18 in Long Blades
    62 | D        | Reached skill level 18 in Staves
    62 | D        | Reached skill level 18 in Ranged Weapons
    62 | D        | Reached skill level 18 in Throwing
    62 | D        | Reached skill level 18 in Shields
    62 | D        | Reached skill level 20 in Conjurations
    62 | D        | Reached skill level 21 in Necromancy
    62 | D        | Reached skill level 18 in Translocations
    62 | D        | Reached skill level 18 in Transmutations
    62 | D        | Reached skill level 18 in Fire Magic
    62 | D        | Reached skill level 18 in Ice Magic
    62 | D        | Reached skill level 18 in Air Magic
    62 | D        | Reached skill level 18 in Earth Magic
    62 | D        | Gained mutation: You are powered by pain. [demonic
                  | ancestry]
    62 | D        | Reached XP level 26. HP: 209/242 MP: 33/54
    62 | D        | Noticed a meat beast
    62 | D        | Noticed a meat beast
    62 | D        | Noticed a meat beast
    63 | D        | Killed a destroyer
    63 | D        | Noticed a tyrant
    64 | D        | Reached skill level 19 in Short Blades
    64 | D        | Reached skill level 19 in Long Blades
    64 | D        | Reached skill level 19 in Staves
    64 | D        | Reached skill level 19 in Ranged Weapons
    64 | D        | Reached skill level 19 in Throwing
    64 | D        | Reached skill level 19 in Shields
    64 | D        | Reached skill level 20 in Hexes
    64 | D        | Reached skill level 20 in Summonings
    64 | D        | Reached skill level 22 in Necromancy
    64 | D        | Reached skill level 19 in Translocations
    64 | D        | Reached skill level 19 in Transmutations
    64 | D        | Reached skill level 19 in Fire Magic
    64 | D        | Reached skill level 19 in Ice Magic
    64 | D        | Reached skill level 19 in Air Magic
    64 | D        | Reached skill level 19 in Earth Magic
    64 | D        | Reached skill level 20 in Poison Magic
    64 | D        | Reached skill level 20 in Evocations
    64 | D        | Noticed a meat beast
    64 | D        | Killed The Captor
    64 | D        | Noticed a meat beast
    64 | D        | Noticed a meat beast
    65 | D        | Reached skill level 21 in Short Blades
    65 | D        | Reached skill level 21 in Long Blades
    65 | D        | Reached skill level 21 in Staves
    65 | D        | Reached skill level 21 in Ranged Weapons
    65 | D        | Reached skill level 21 in Throwing
    65 | D        | Reached skill level 21 in Shields
    65 | D        | Reached skill level 23 in Conjurations
    65 | D        | Reached skill level 23 in Hexes
    65 | D        | Reached skill level 23 in Summonings
    65 | D        | Reached skill level 25 in Necromancy
    65 | D        | Reached skill level 21 in Translocations
    65 | D        | Reached skill level 21 in Transmutations
    65 | D        | Reached skill level 21 in Fire Magic
    65 | D        | Reached skill level 21 in Ice Magic
    65 | D        | Reached skill level 21 in Air Magic
    65 | D        | Reached skill level 21 in Earth Magic
    65 | D        | Reached skill level 23 in Poison Magic
    65 | D        | Reached skill level 23 in Evocations
    65 | D        | Gained mutation: You can hurl damnation. [demonic ancestry]
    65 | D        | Reached XP level 27. HP: 229/249 MP: 16/54
    65 | D        | Killed a tyrant
    65 | D        | Killed a meat beast
    65 | D        | Noticed an accursed
    66 | D        | Reached skill level 22 in Short Blades
    66 | D        | Reached skill level 22 in Long Blades
    66 | D        | Reached skill level 22 in Staves
    66 | D        | Reached skill level 22 in Ranged Weapons
    66 | D        | Reached skill level 22 in Throwing
    66 | D        | Reached skill level 22 in Shields
    66 | D        | Reached skill level 24 in Conjurations
    66 | D        | Reached skill level 24 in Hexes
    66 | D        | Reached skill level 24 in Summonings
    66 | D        | Reached skill level 26 in Necromancy
    66 | D        | Reached skill level 22 in Translocations
    66 | D        | Reached skill level 22 in Transmutations
    66 | D        | Reached skill level 22 in Fire Magic
    66 | D        | Reached skill level 22 in Ice Magic
    66 | D        | Reached skill level 22 in Air Magic
    66 | D        | Reached skill level 22 in Earth Magic
    66 | D        | Reached skill level 24 in Poison Magic
    66 | D        | Reached skill level 24 in Evocations
    66 | D        | Killed an accursed
    66 | D        | Killed a meat beast
    66 | D        | Killed a meat beast
    66 | D        | HP: 21/249 [The Servant/+9 glaive of flaming (118)]
    66 | D        | Slain by The Servant

Vanquished Creatures
  Sigmund (D)
  3 hell beasts (D)
  2 royal mummies (D)
  10 vampire knights (D)
  31 ogres (D)
  5 two-headed ogres (D)
  2 liches (D)
  A hydra (D)
  59 orcs (D)
  3 skeletal warriors (D)
117 creatures vanquished.

Table legend:
 A = Non-vault XP
 B = Vault XP
 C = Vault XP percentage of total XP
 D = Non-vault monster count
 E = Vault monster count
 F = Vault count percentage of total count
                 A         B        C        D         E       F
            +---------+---------+-------+---------+---------+-------
      Total | 1252157 |  695012 |  35.7 |      51 |      66 |  56.4
            +---------+---------+-------+---------+---------+-------
          D | 1252157 |  695012 |  35.7 |      51 |      66 |  56.4
            +---------+---------+-------+---------+---------+-------

Illustrated notes

Table legend:
 A = Kills in this place as a percentage of kills in the entire game.
 B = Kills by you in this place as a percentage of kills by you in the entire game.
 C = Kills by friends in this place as a percentage of kills by friends in the entire game.
 D = Other kills in this place as a percentage of other kills in the entire game.
 E = Experience gained in this place as a percentage of experience gained in the entire game.
 F = Experience gained in this place divided by the number of levels of this place that you have seen.
                   A       B       C       D       E      F
               +-------+-------+-------+-------+-------+----------------------
         Total | 100.0 | 100.0 |   N/A |   N/A | 100.0 | 1947169.0
       Dungeon | 100.0 | 100.0 |   N/A |   N/A | 100.0 | 1947169.0
               +-------+-------+-------+-------+-------+----------------------

Table legend: (Time is in decaauts)
 A = Elapsed time spent in this place.
 B = Non-inter-level travel time spent in this place.
 C = Inter-level travel time spent in this place.
 D = Time resting spent in this place.
 E = Time spent auto-exploring this place.
 F = Levels seen in this place.
 G = Mean time per level.
                   A        B        C        D        E       F      G
               +--------+--------+--------+--------+--------+-----+--------+
         Total |     58 |     58 |      0 |      0 |      0 |   1 |   58.0 |
       Dungeon |     58 |     58 |      0 |      0 |      0 |   1 |   58.0 |
               +--------+--------+--------+--------+--------+-----+--------+

Top non-repeatable levels by time:
       D: 58 daAuts
